Map: Bel'Shir Vestige LE (Void)

Players

Bane - Winner!

  • Race: Zerg Zerg
  • League: Gold
  • Spawn Location: 11:00

Fropez

  • Race: Protoss Protoss
  • League: Gold
  • Spawn Location: 5:00

VOD

Have the link to the VOD?

Description

Time

  • Played on: Jan. 24, 2017, 2:19 p.m.
  • Length: 7:02
Show
View Real Time Build Order
Export as new Build Order

Bane Zerg - Winner!

Build Orders: Hatch First 

Get SALT Encoding   

  12  0:06  Drone  
  13  0:15  Overlord  
  13  0:17  Drone  
  14  0:31  Extractor  
  14  0:32  Extractor  
  14  0:33  Drone x2  
  16  0:43  Drone  
  17  0:50  Drone  
  18  1:04  Drone, Hatchery  
  18  1:11  Extractor  
  17  1:21  Spawning Pool  
  16  1:27  Drone  
  16  1:28  Drone  
  18  1:38  Drone  
  19  1:44  Overlord  
  19  1:58  Drone  
  20  2:13  Overlord  
  20  2:18  Drone  
  20  2:21  Hatchery  
  20  2:23  Drone  
  20  2:29  Queen  
  23  2:43  Drone x4  
  26  2:53  Metabolic Boost  
  26  2:58  Baneling Nest  
  26  3:04  Queen  
  27  3:19  Drone x6  
  33  3:33  Drone x2  
  33  3:34  Drone  
  36  3:37  Extractor  
  35  3:41  Lair  
  35  3:47  Drone  
  35  3:48  Drone x4  
  40  4:04  Queen  
  40  4:05  Overlord x2  
  42  4:19  Zergling x2  
  42  4:20  Zergling x14  
  50  4:26  Zergling x4  
  52  4:31  Overlord  
  52  4:32  Overlord  
  52  4:38  Zergling x2  
  52  4:39  Zergling x6  
  56  4:46  Zergling x6  
  56  4:48  Centrifical Hooks  
  59  4:55  Drone x2  
  61  5:02  Drone x4  
  65  5:07  Zergling x8  
  69  5:24  Overlord x3  
  69  5:25  Overlord  
  69  5:27  Drone  
  69  5:28  Drone x5  
  70  5:57  Zergling x10  
  70  5:58  Zergling x14  
  70  6:03  Spire  
  81  6:11  Drone x4  
  81  6:16  Evolution Chamber  
  81  6:18  Evolution Chamber  
  83  6:19  Baneling x2  
  83  6:20  Baneling x19  
  83  6:28  Extractor  
  83  6:29  Extractor, Drone x3  
  83  6:30  Drone x4  
Show
View Real Time Build Order
Export as new Build Order

Fropez Protoss 

Build Orders:  

Get SALT Encoding   

  12  0:01  Probe (Chrono Boost)  
  13  0:23  Pylon  
  13  0:27  Probe (Chrono Boost)  
  14  0:43  Gateway  
  14  0:46  Probe (Chrono Boost)  
  14  0:49  Assimilator  
  16  0:57  Probe (Chrono Boost)  
  16  1:07  Probe (Chrono Boost)  
  17  1:18  Probe (Chrono Boost)  
  17  1:25  Gateway  
  17  1:28  Probe (Chrono Boost)  
  17  1:32  Pylon  
  18  1:39  Probe (Chrono Boost)  
  19  1:49  Probe (Chrono Boost)  
  20  1:55  Assimilator  
  20  2:00  Probe (Chrono Boost)  
  21  2:08  Cybernetics Core  
  21  2:10  Probe (Chrono Boost)  
  21  2:12  Zealot x2  
  26  2:21  Probe (Chrono Boost)  
  26  2:22  Gateway  
  27  2:31  Probe (Chrono Boost)  
  28  2:39  Pylon  
  28  2:54  Warp Gate  
  28  2:58  Nexus  
  28  3:14  Adept x2  
  32  3:24  Pylon  
  32  3:47  Gateway  
  32  3:50  Pylon  
  32  3:53  Mothership Core (Chrono Boost)  
  34  4:10  Probe (Chrono Boost)  
  35  4:23  Adept x2  
  39  4:24  Stalker  
  41  4:37  Probe (Chrono Boost)  
  41  4:38  Probe (Chrono Boost), Robotics Facility  
  43  4:42  Pylon  
  43  4:47  Probe (Chrono Boost)  
  43  4:50  Probe (Chrono Boost)  
  43  4:51  Pylon  
  46  5:00  Probe (Chrono Boost)  
  46  5:01  Adept  
  46  5:02  Adept x2  
  52  5:09  Probe (Chrono Boost)  
  52  5:10  Probe (Chrono Boost)  
  54  5:20  Adept, Gateway  
  56  5:21  Forge  
  56  5:25  Probe (Chrono Boost)  
  56  5:26  Probe (Chrono Boost)  
  58  5:33  Assimilator  
  59  5:39  Immortal  
  52  5:56  Probe x2 (Chrono Boost)  
  50  6:01  Twilight Council  
  50  6:07  Pylon  
  50  6:11  Gateway  
  50  6:14  Photon Cannon  
  50  6:17  Gateway  
  50  6:28  Photon Cannon  
  54  6:44  Pylon  
  53  6:50  Pylon  
  49  6:58  Pylon  
Tags
 
Add a new tag
Caveats
  • Supply blocks, unpowered buildings, or Contaminate may cause inaccurate times.
  • Supply counts are checked every 10 seconds.